 Dungeon Crawl Stone Soup version 0.29.1-debian-4-g95531337e3 (webtiles) character file.

Game seed: 2643536828874865256

151 Dreamer the Sneak (level 5, -1/37 HPs)
             Began as an Octopode Delver on Sept 13, 2022.
             Slain by a gnoll
             ... wielding a +0 flail
              (13 damage)
             ... on level 3 of the Dungeon.
             The game lasted 00:06:01 (2469 turns).

Dreamer the Sneak (Octopode Delver)                 Turns: 2469, Time: 00:06:02

Health: -1/37      AC:  1    Str: 11    XL:     5   Next: 33%
Magic:  5/5        EV: 14    Int: 14    God:
Gold:   131        SH:  0    Dex: 14    Spells: 4/4 levels left

rFire   . . .      SeeInvis .   k - +2 dagger (elec)
rCold   . . .      Faith    .   (no shield)
rNeg    . . .      Spirit   .   (helmet restricted)
rPois   .          Reflect  .   (no amulet)
rElec   .          Harm     .   (no ring)
rCorr   .          Rampage  .   (no ring)
Will    .....                   (no ring)
Stlth   +++++.....              (no ring)
HPRegen 0.12/turn               (no ring)
MPRegen 0.09/turn               (no ring)
                                (no ring)
                                (no ring)

@: no status effects
A: almost no armour, amphibious, 8 rings, camouflage 1, gelatinous body 1,
(nimble swimmer 1), tentacles
a: no special abilities


You were on level 3 of the Dungeon.
You visited 1 branch of the dungeon, and saw 5 of its levels.

You collected 131 gold pieces.

Inventory:

Hand Weapons
 k - a +2 dagger of electrocution (weapon)
Wands
 e - a wand of digging (3)
Scrolls
 a - a scroll of fog
 b - 2 scrolls of magic mapping
 c - 2 scrolls of fear
 g - a scroll of identify {unknown}
 j - 3 scrolls of teleportation {unknown}
 l - 4 scrolls of noise {unknown}
 m - a scroll of silence {unknown}
 n - a scroll of amnesia {unknown}
 p - a scroll of enchant armour {unknown}
Potions
 d - 2 potions of haste
 f - 4 potions of flight {unknown}
 h - 3 potions of resistance {unknown}
 i - a potion of invisibility {unknown}
 o - a potion of berserk rage {unknown}


   Skills:
 + Level 3.7 Fighting
 + Level 2.9 Dodging
 + Level 7.3 Stealth
 * Level 3.7 Unarmed Combat


You had 4 spell levels left.
You didn't know any spells.
Your spell library contained the following spells:

 Spells                   Type           Power      Damage    Failure   Level
 Slow                     Hex            0%         N/A       28%         1
 Confusing Touch          Hex            0%         N/A       65%         3
 Vampiric Draining        Necr           0%         2d6       65%         3


Dungeon Overview and Level Annotations

Branches:
Dungeon (5/15)
 Temple: D:4-7

Altars:
Nemelex Xobeh

Shops:
D:1 =

Annotations:
D:3 Grinder


Innate Abilities, Weirdness & Mutations

You cannot wear most types of armour.
You are amphibious.
You can wear up to eight rings at the same time.
Your skin changes colour to match your surroundings (Stealth+).
Your rubbery body absorbs attacks. (AC +1, EV +1)
((You are camouflaged when in or above water. (Stealth+)))
You have tentacles for arms and can constrict up to eight enemies at once.


Message History

You kill the orc!
You hit something but do no damage. Something hits you.
You hit something. Lightning courses through something!
Reactivating autopickup.
You feel a bit more experienced.
You have reached level 5!
You feel agile.
You hit the orc. Lightning courses through the orc!
You kill the orc!
l - 4 scrolls labelled FUXEUG QOZEZO (gained 1)
Items here: )))) [[[ †.
You start resting.
A gnoll comes into view. It is wielding a +0 halberd.
You start resting.
A gnoll comes into view. It is wielding a +0 halberd.
You start resting.
A gnoll is nearby!
The gnoll shouts! x3
You hit the gnoll. You grab the gnoll. You squeeze the gnoll.
The gnoll is heavily wounded.
You constrict the gnoll, but do no damage.
The gnoll barely misses you. The gnoll closely misses you.
You hit the gnoll but do no damage.
The gnoll is heavily wounded.
You constrict the gnoll. The gnoll misses you. The gnoll closely misses you.
You hit the gnoll but do no damage. Your squeeze misses the gnoll.
The gnoll is severely wounded.
You constrict the gnoll.
The gnoll hits you from afar with a +0 halberd!
The gnoll misses you.
You hit the gnoll.
You kill the gnoll!
The gnoll completely misses you. The gnoll barely misses you.
The gnoll hits you with a +0 flail!
You hit the gnoll but do no damage. You grab the gnoll.
You constrict the gnoll. The gnoll misses you. x2
You closely miss the gnoll. Your grab misses the gnoll.
You squeeze the gnoll, but do no damage.
You constrict the gnoll. The gnoll hits you with a +0 flail!
You die...

###........#####..#..#........#
##..<......########.......#.####.
#..#........##...................
.....###..#....# #######..o#.....
.(.#...........# #..#.......
........###....########)##g......
................)..)....g.......g
..........###...#######.#......o.
..>.......# ##.g@g# #..#........
.........#####.##.####.##........
...#...).#.......................
#..###.#.#.###.####.#..##........
.......#...# #.####...####.......
##.#...##..###.).##....# ##.....#
#...#####...###..#....# #######
##..#####..#..###.#....#
................#..#####


You could see 2 gnolls.

Vanquished Creatures
  An orc wizard (D:3)
  3 adders (D:2)
  A gnoll (D:3)
  2 worms
  4 dart slugs
  6 orcs (D:3)
  7 ball pythons
  2 bats (D:1)
  5 endoplasms
  A giant cockroach (D:3)
  7 hobgoblins
  7 jackals
  2 quokkas
  5 frilled lizards
  7 goblins
  3 kobolds (D:3)
  3 rats
66 creatures vanquished.

Notes
Turn   | Place    | Note
-------+----------+-------------------------------------------
     0 | D:5      | Dreamer the Octopode Delver began the quest for the Orb.
     0 | D:5      | Reached XP level 1. HP: 16/16 MP: 1/1
    42 | D:4      | You fall into a shaft and drop 1 floor!
   316 | D:3      | Reached XP level 2. HP: 15/21 MP: 2/2
   591 | D:1      | Reached XP level 3. HP: 23/26 MP: 3/3
   838 | D:1      | Found Hiolan's Jewellery Shop.
  1028 | D:1      | Reached skill level 7 in Stealth
  1160 | D:1      | Found a faded altar of an unknown god.
  1272 | D:2      | Reached XP level 4. HP: 31/31 MP: 4/4
  2142 | D:3      | Noticed Grinder
  2179 | D:3      | Found a sparkling altar of Nemelex Xobeh.
  2304 | D:3      | Reached XP level 5. HP: 14/37 MP: 5/5
  2469 | D:3      | Slain by a gnoll

Illustrated notes

Levels and vault maps discovered:
D:1:      amcnicky_arrival_choice, layout_basic, basic_ecumenical_altar,
          serial_shops, nicolae_shop_statue_plus
D:2:      layout_loops_ring
D:3:      layout_rooms, nemelex_diamond_rough_becter, uniq_grinder
D:4:      layout_loops_corners, uniq_duvessa, uniq_ijyb
D:5:      layout_layer_cave, mainiacjoe_overflow_chevrons

Skill      XL: |  1  2  3 |
---------------+----------+-----
Stealth        | 7 |  7.3
Unarmed Combat | 3 |  3.7
Fighting       | |  3.7
Dodging        | |  2.9

Action                   |  1- 3 |  4- 6 || total
-------------------------+-------+-------++-------
Melee: Unarmed           |    26 |       ||    26
       Constrict         |    13 |    15 ||    28
       Tentacles         |     5 |    13 ||    18
       Dagger            |    42 |    52 ||    94
       Punch             |       |     1 ||     1
 Stab: Sleeping          |    24 |     2 ||    26
Armor: Skin              |     2 |     2 ||     4
Dodge: Dodged            |    27 |    23 ||    50
